 Dungeon Crawl Stone Soup version 0.24.1-14-gf8d2b509d9 (webtiles) character file.

Game seed: 15591804184036022097, levelgen mode: deterministic

34 MilkNation the Covered (level 3, 33/33 HPs)
             Began as a Minotaur Fighter on Sept 18, 2020.
             Quit the game on level 1 of the Dungeon.
             The game lasted 00:07:49 (561 turns).

MilkNation the Covered (Minotaur Fighter)            Turns: 561, Time: 00:07:50

Health: 33/33      AC: 11    Str: 21    XL:     3   Next: 14%
Magic:  2/2        EV:  6    Int:  5    God:
Gold:   33         SH:  0    Dex:  9    Spells: 2/2 levels left

rFire    . . .     SeeInvis .   a - +0 long sword
rCold    . . .     Gourm    .   (no shield)
rNeg     . . .     Faith    .   n - +0 plate armour (curse)
rPois    .         Spirit   .   (helmet restricted)
rElec    .         Reflect  .   (no cloak)
rCorr    .         Harm     .   (no gloves)
MR       .....                  (no boots)
Stlth    ..........             (no amulet)
HPRegen  0.11/turn              (no ring)
MPRegen  0.08/turn              (no ring)

@: no status effects
A: retaliatory headbutt, horns 2
a: no special abilities


You were on level 1 of the Dungeon.
You were not hungry.

You visited 1 branch of the dungeon, and saw 1 of its levels.

You collected 33 gold pieces.

Inventory:

Hand Weapons
 a - a +0 long sword (weapon)
Missiles
 h - 12 arrows
 k - 6 datura-tipped darts (quivered)
Armour
 b - a +0 scale mail
 n - a cursed +0 plate armour (worn)
Jewellery
 i - a cursed -5 ring of intelligence {unknown}
 m - an uncursed ring of magical power {unknown}
Scrolls
 c - 3 scrolls of teleportation {unknown}
 l - a scroll of remove curse {unknown}
Potions
 d - a potion of might
 e - a potion of invisibility {unknown}
 g - a potion of flight {unknown}
 j - a potion of cancellation {unknown}
 o - 3 potions of haste {unknown}
Comestibles
 f - a ration


   Skills:
 + Level 4.0 Fighting
 + Level 2.8 Long Blades
 + Level 4.1 Armour
 + Level 0.4 Dodging
   Level 4.1 Shields


You had 2 spell levels left.
You didn't know any spells.
Your spell library was empty.

Dungeon Overview and Level Annotations

Branches:
Dungeon (1/15)

Altars:


Innate Abilities, Weirdness & Mutations

You reflexively headbutt those who attack you in melee.
You have a pair of horns on your head.


Message History

You see here a cursed -1 club.
Found a stone staircase leading down.
You see here a plate armour.
n - a plate armour
There is a stone staircase leading down here.
You see here a cursed -1 club.
o - 3 green potions You see here a +0 dagger.
You start removing your armour.
You continue taking off your +0 scale mail. x4
You finish taking off your +0 scale mail.
You start putting on your armour.
You continue putting on your plate armour. x5
You finish putting on your cursed +0 plate armour.
Oops, that feels deathly cold.
Your cursed +0 plate armour is stuck to your body!
You see here a +0 shield.
Unknown command.
Unknown command.
Are you sure you want to abandon this character and quit the game? (Confirm with "yes".)

#.# ####..).# #.# #......†# #.#
#.......# #. #.# #.......# #.
#.# #.......###### ####. #.#
#............# ..... #.#
#............# .... #.#
#............# #... #.#
#........@...# #..# #.#
#............###### #...
#.############........# #.##
##.#...##.(.....)....^.#####...
#..#...##.#####........##.....#
#.##.>....# #...........##.#.
#.##...#### ###.......####...
#.##...# #######...##### #..#
#..#...####............# ###..#


There were no monsters in sight!

Vanquished Creatures
  A gnoll (D:1)
  A dart slug (D:1)
  2 giant cockroaches (D:1)
  A hobgoblin (D:1)
  2 jackals (D:1)
  4 kobolds (D:1)
  4 bats (D:1)
  4 goblins (D:1)
  2 rats (D:1)
21 creatures vanquished.

Notes
Turn   | Place    | Note
-------+----------+-------------------------------------------
     0 | D:1      | MilkNation the Minotaur Fighter began the quest for the
                  | Orb.
     0 | D:1      | Reached XP level 1. HP: 19/19 MP: 0/0
   291 | D:1      | Reached XP level 2. HP: 26/27 MP: 1/1
   456 | D:1      | Reached XP level 3. HP: 29/33 MP: 2/2
   561 | D:1      | Quit the game

Levels and vault maps discovered:
D:1:      ncdulo_lavacross, layout_rooms, kennysheep_minor_cross

Skill      XL: |  1  2  3 |
---------------+----------+-----
Armour         | 4 |  4.1
Shields        | 4 |  4.1
Fighting       | 4 |  4.0
Long Blades    | |  2.8
Dodging        | |  0.4

Action                   || total
-------------------------++-------
Melee: Long sword        ||    45
       Headbutt          ||     7
Armor: Scale mail        ||    15
Dodge: Dodged            ||    15
Block: Shield            ||    25
       Rpst.: Long sword ||     5
